 Dungeon Crawl Stone Soup version 0.31.0-4-g52a2dc7128 (webtiles) character file.

Game seed: 13476706046114273607

8813 BigPumpCobain the Grappler (level 11, -1/109 HPs)
             Began as a Troll Fighter on Jan 22, 2024.
             Was a Follower of Wu Jian.
             Slain by a yak (4 damage)
             ... on level 10 of the Dungeon.
             The game lasted 00:11:30 (8621 turns).

BigPumpCobain the Grappler (Troll Fighter)          Turns: 8621, Time: 00:11:30

Health: -1/109     AC:  7    Str: 30    XL:     11   Next: 14%
Magic:  0/10       EV: 10    Int:  4    God:    Wu Jian [*.....]
Gold:   577        SH:  9    Dex:  9    Spells: 10/10 levels left

rFire   . .          .
                       - Unarmed
rCold   . . .        b - +0 kite shield
rNeg    . . .        a - +0 robe
rPois   .            C - +2 hat
rElec   .            m - +0 cloak
rCorr   .            (gloves unavailable)
SInv    .            (boots unavailable)
Will    .....        p - amulet of guardian spirit
Stlth   +            (no ring)
HPRegen 1.18/turn    (no ring)
MPRegen 0.12/turn

%: guardian spirit
@: mighty
A: large, unfitting armour, claws 3, regeneration 1, shaggy fur 1, tough skin 1
a: Renounce Religion


You were on level 10 of the Dungeon.
You worshipped Wu Jian.
Wu Jian was aware of your devotion.
You visited 2 branches of the dungeon, and saw 11 of its levels.

You collected 577 gold pieces.

Inventory:

Missiles
 s - 3 large rocks (quivered)
Armour
 a - a +0 robe (worn)
 b - a +0 kite shield (worn)
 m - a +0 cloak (worn)
 C - a +2 hat (worn)
Jewellery
 g - an amulet of faith
 p - an amulet of guardian spirit (around neck)
 w - a ring of protection from fire
Wands
 v - a wand of roots (12)
 D - a wand of flame (4)
Scrolls
 d - a scroll of revelation
 h - 5 scrolls of teleportation
 k - 3 scrolls of fog
 l - 3 scrolls of blinking
 q - 2 scrolls of fear
 r - a scroll of noise
 t - 2 scrolls of enchant weapon
 x - a scroll of vulnerability {unknown}
 y - 2 scrolls of amnesia {unknown}
 B - a scroll of immolation {unknown}
Potions
 e - 2 potions of degeneration {unknown}
 f - a potion of cancellation
 i - 2 potions of brilliance
 j - a potion of enlightenment {unknown}
 n - 2 potions of mutation
 o - a potion of haste {unknown}
 u - 3 potions of curing {unknown}
 z - 3 potions of lignification
 A - a potion of invisibility {unknown}
 E - 2 potions of attraction {unknown}
 F - a potion of magic {unknown}


   Skills:
 + Level 7.0 Fighting
 + Level 7.0 Dodging
 + Level 7.7 Shields
 * Level 11.3 Unarmed Combat


You had 10 spell levels left.
You didn't know any spells.
Your spell library contained the following spells:

 Spells                   Type           Power      Damage    Failure   Level
 Freeze                   Ice            0%         1d3       67%         1
 Jinxbite                 Hex            0%         N/A       82%         2
 Frozen Ramparts          Ice            0%         1d1       96%         3
 Hailstorm                Conj/Ice       0%         3d5       96%         3
 Summon Ice Beast         Ice/Summ       0%         N/A       96%         3
 Summon Mana Viper        Hex/Summ       0%         N/A       100%        5
 Yara's Violent Unravell  Hex/Alch       0%         3d3       100%        5
 Sculpt Simulacrum        Ice/Alch       0%         N/A       100%        6
 Enfeeble                 Hex            0%         N/A       100%        7
 Monstrous Menagerie      Summ           0%         N/A       100%        7


Dungeon Overview and Level Annotations

Branches:
Dungeon (10/15)            Temple (1/1) D:6            Lair (0/5) D:10
    Orc: D:9-12

Altars:
Ashenzari
Cheibriados
Dithmenos
Elyvilon
Fedhas
Gozag
Hepliaklqana
Kikubaaqudgha
Makhleb
Nemelex Xobeh
Okawaru
Qazlal
Ru
Sif Muna
Trog
Uskayaw
Vehumet
Wu Jian
Xom
Yredelemnul
Zin
The Shining One

Annotations:
D:1 2 transporters
D:4 3 runed translucent doors, TheBioAlchemist's ghost, amateur DEAl
D:10 1 runed translucent door


Innate Abilities, Weirdness & Mutations

You are too large for most types of armour.
You have claws for hands.
Your natural rate of healing is unusually fast.
You are covered in fur. (AC +1)
You have tough skin. (AC +1)


Message History

You are too injured to fight recklessly!
You are too injured to fight recklessly!
You are too injured to fight recklessly!
You are too injured to fight recklessly!
You are too injured to fight recklessly!
You are too injured to fight recklessly!
You are too injured to fight recklessly!
You are too injured to fight recklessly!
You are too injured to fight recklessly!
You are too injured to fight recklessly!
You are too injured to fight recklessly!
You are too injured to fight recklessly!
You are too injured to fight recklessly!
You are too injured to fight recklessly!
You are too injured to fight recklessly!
You are too injured to fight recklessly!
You are too injured to fight recklessly!
You are too injured to fight recklessly!
You are too injured to fight recklessly!
You feel very mighty all of a sudden. You block the yak's attack.
The yak gores you! The yak gores you. x2
You eviscerate the yak!!!
The yak is almost dead.
You block the yak's attack. x2; The yak gores you!
* * * LOW HITPOINT WARNING * * *
The yak gores you but does no damage.
You mangle the yak!!
You kill the yak!
The Council accepts your kill. The yak gores you!
* * * LOW HITPOINT WARNING * * *
The yak gores you.
* * * LOW HITPOINT WARNING * * *
The yak gores you!
* * * LOW HITPOINT WARNING * * *
Your Dodging skill increases to level 7!
You spin and attack the yak.
You mangle the yak!!
The yak is severely wounded.
The yak gores you.
You die...

.....P..........# #.....
......P....P..# #.....
..P...........# #....#
..P...........' #....#
#..........^..# #....#
###.P.........# ####....#
######......#
......YY##########......#
.....YY.@...............#
....######...............
. #...............
#.#####...######
#.#...#...#.....
#.#...#...#.....
#.#...#.).'.....
#.#...#...######
##.#...#.........


You could see 4 yaks.

Vanquished Creatures
  2 two-headed ogres
  Pikel (D:4)
  2 kobold demonologists (D:10)
  A hornet (D:9)
  A shadow (D:9)
  9 yaks (D:10)
  2 wyverns (D:10)
  A basilisk (D:10)
  Menkaure (D:5)
  An acid dragon (D:10)
  4 water moccasins
  3 ice beasts
  3 orc warriors
  3 black bears
  2 sky beasts
  2 centaurs (D:10)
  2 ogres (D:6)
  3 phantoms
  3 bullfrogs
  6 kobold brigands
  6 scorpions
  A gnoll sergeant (D:6)
  3 wights (D:6)
  3 killer bees (D:10)
  4 howler monkeys
  A bombardier beetle (D:6)
  A gnoll bouda (D:9)
  4 orc priests
  3 hounds
  A jelly (D:5)
  4 iguanas
  9 orc wizards
  8 gnolls
  6 adders
  A shadow imp (D:6)
  4 white imps
  2 dart slugs
  3 ribbon worms
  26 orcs
  10 endoplasms
  2 giant cockroaches
  12 goblins
  7 hobgoblins
  17 kobolds
  2 quokkas
  5 ball pythons
  3 bats
  4 frilled lizards
  5 rats
  A spectral goblin (D:5)
210 creatures vanquished.

Notes
Turn   | Place    | Note
-------+----------+-------------------------------------------
     0 | D:1      | BigPumpCobain the Troll Fighter began the quest for the
                  | Orb.
     0 | D:1      | Reached XP level 1. HP: 22/22 MP: 0/0
   113 | D:1      | Reached XP level 2. HP: 26/29 MP: 1/1
   952 | D:2      | Reached XP level 3. HP: 36/36 MP: 2/2
  1129 | D:2      | Reached skill level 3 in Unarmed Combat
  1454 | D:2      | Reached XP level 4. HP: 44/44 MP: 3/3
  1622 | D:3      | Found a stormy altar of Qazlal.
  1724 | D:3      | Found a hide-covered altar of Uskayaw.
  1724 | D:3      | Noticed a +0 falchion
  1724 | D:3      | Noticed a +0 spear
  1724 | D:3      | Noticed a +0 dagger
  1725 | D:3      | Noticed a +0 falchion
  1725 | D:3      | Noticed a +0 dagger
  1725 | D:3      | Noticed a +0 spear
  1727 | D:3      | Noticed a +0 short sword
  1727 | D:3      | Noticed a +0 short sword
  1834 | D:3      | Found a faded altar of an unknown god.
  1870 | D:3      | Found an iron altar of Okawaru.
  1895 | D:3      | Found a blossoming altar of Fedhas.
  2363 | D:4      | Found a shimmering blue altar of Sif Muna.
  2370 | D:4      | Reached XP level 5. HP: 53/53 MP: 4/4
  2382 | D:4      | Noticed an ice beast
  2392 | D:4      | Killed an ice beast
  2393 | D:4      | Reached skill level 4 in Unarmed Combat
  2439 | D:4      | Noticed a lemure
  2441 | D:4      | Noticed a lemure
  2441 | D:4      | Noticed Pikel
  2442 | D:4      | Noticed a lemure
  2442 | D:4      | Noticed a lemure
  2453 | D:4      | Killed Pikel
  2454 | D:4      | Reached skill level 5 in Unarmed Combat
  2454 | D:4      | Reached XP level 6. HP: 62/62 MP: 1/5
  2454 | D:4      | Reached XP level 7. HP: 68/68 MP: 1/6
  2651 | D:4      | Found a white marble altar of Elyvilon.
  2739 | D:4      | Reached skill level 6 in Unarmed Combat
  2775 | D:4      | Found a runed translucent gate.
  2775 | D:4      | Found a runed translucent gate.
  2775 | D:4      | Found a runed translucent gate.
  2788 | D:4      | Noticed TheBioAlchemist's ghost (amateur DEAl)
  3027 | D:5      | Entered Level 5 of the Dungeon
  3114 | D:5      | Reached XP level 8. HP: 76/78 MP: 5/7
  3262 | D:5      | Noticed Menkaure
  3267 | D:5      | Killed Menkaure
  3428 | D:5      | You fall into a shaft and drop 2 floors!
  3439 | D:7      | Reached skill level 5 in Shields
  3568 | D:6      | Reached skill level 7 in Unarmed Combat
  3745 | D:6      | Reached skill level 5 in Fighting
  3745 | D:6      | Reached skill level 5 in Dodging
  3745 | D:6      | Reached XP level 9. HP: 41/88 MP: 5/8
  3968 | D:6      | Reached skill level 8 in Unarmed Combat
  4259 | D:6      | Found a staircase to the Ecumenical Temple.
  4721 | D:5      | Found a sparkling altar of Nemelex Xobeh.
  4789 | D:5      | Found a hazy altar of Hepliaklqana.
  5341 | Temple   | Entered the Ecumenical Temple
  6039 | D:7      | Reached skill level 9 in Unarmed Combat
  6235 | D:8      | Noticed a two-headed ogre
  6244 | D:7      | Killed a two-headed ogre
  6273 | D:8      | Reached XP level 10. HP: 98/98 MP: 9/9
  7179 | D:9      | Noticed a two-headed ogre
  7192 | D:9      | Killed a two-headed ogre
  7193 | D:9      | Reached skill level 10 in Unarmed Combat
  7596 | D:9      | Identified the +0 leather armour of Somewhere Else
                  | {*Corrode rF++ Int+8}
  7808 | D:9      | Found an ornate altar of the Wu Jian Council.
  7878 | D:9      | Became a worshipper of the Wu Jian Council
  7967 | D:10     | Entered Level 10 of the Dungeon
  8108 | D:10     | Found a staircase to the Lair.
  8196 | D:10     | Reached skill level 11 in Unarmed Combat
  8202 | D:10     | Reached XP level 11. HP: 26/107 MP: 2/10
  8367 | D:10     | Reached * piety under Wu Jian
  8443 | D:10     | Found a runed translucent door.
  8470 | D:10     | Found a basalt altar of Yredelemnul.
  8482 | D:10     | Found a shadowy altar of Dithmenos.
  8581 | D:10     | Identified the +0 rapier "Wivori" {drain, rPois}
  8620 | D:10     | HP: 2/109 [yak (11)]
  8621 | D:10     | Slain by a yak

Illustrated notes

Levels and vault maps discovered:
D:1:      spicycebolla_arrival_transporter_tutorial, layout_loops_ring,
          st_stairs_1, chequers_serial_rivers_room_b
D:2:      layout_basic, serial_bayou_pond_d, hangedman_decor_opposing,
          lightli_corner_chamber
D:3:      layout_loops_ring, nicolae_uskayaw_en_pointe, grunt_qazlal_sundering,
          mainiacjoe_overflow_large_starburst, basic_ecumenical_altar
D:4:      layout_cave_pools, general_overflow_altar, marbit_many_paths,
          gammafunk_ghost_necromancy, minmay_a_box_with_orc_wizards_in_it,
          uniq_pikel
D:5:      layout_basic, nicolae_hepliaklqana_monster_ancestors,
          nemelex_altar_shiori, kennysheep_crisscross, uniq_menkaure
D:6:      minmay_spotlight, layout_layer_cave, temple_doors_cd
D:7:      layout_basic, minmay_strange_pillars
D:8:      layout_gridville
D:9:      layout_stronghold, lemuel_doored_altar
D:10:     layout_irregular_city, nicolae_dithmenos_shadow_blocks,
          dk_yredelemnul_ordeal, minmay_lair_entry_grove, serial_shops, shop,
          kennysheep_cross_bottleneck, amcnicky_mini_corridor_feature
Temple:   nicolae_temple_ecumenical_triangle

Skill      XL: |  1  2  3  4  5  6  7  8  9 10 11 |
---------------+----------------------------------+-----
Shields        | 3 4 5 6 7 |  7.7
Unarmed Combat | 3 5 6 7 9 11 | 11.3
Dodging        | 3 4 5 6 7 |  7.0
Fighting       | 3 4 5 6 7 |  7.0

Action                     |  1- 3 |  4- 6 |  7- 9 | 10-12 || total
---------------------------+-------+-------+-------+-------++-------
  Melee: Unarmed           |    94 |    76 |   237 |   219 ||   626
  Throw: Large rock        |       |       |       |     4 ||     4
Ability: Lunge             |       |       |       |     5 ||     5
         Whirlwind         |       |       |       |     1 ||     1
    Use: Scroll            |     1 |     7 |       |     4 ||    12
         Potion            |       |     1 |     3 |     5 ||     9
   Stab: Sleeping          |     1 |       |     1 |       ||     2
 Armour: Robe              |    39 |    30 |   116 |   154 ||   339
         Skin              |       |    26 |       |       ||    26
  Dodge: Dodged            |    24 |    22 |    70 |    81 ||   197
  Block: Kite shield       |    29 |    21 |    93 |   102 ||   245
